 Dungeon Crawl Stone Soup version 0.29.1-15-g9cfb28693d (webtiles) character file.

Game seed: 15740727993099110260

50 hawla the Firebug (level 4, 0/33 HPs)
             Began as a Meteoran Fire Elementalist on Apr 25, 2023.
             Slain by a gnoll
             ... wielding a +0 flail
             ... led by a gnoll bouda
              (5 damage)
             ... on level 4 of the Dungeon.
             The game lasted 00:02:57 (449 turns).

hawla the Firebug (Meteoran Fire Elementalist)       Turns: 449, Time: 00:02:58

Health: 0/33       AC:  2    Str:  9    XL:     4   Next: 24%
Magic:  10/10      EV: 12    Int: 18    God:
Gold:   56         SH:  0    Dex: 15    Spells: 6/9 levels left

rFire   . . .      SeeInvis .   (no weapon)
rCold   . . .      Faith    .   (no shield)
rNeg    . . .      Spirit   .   a - +0 robe
rPois   .          Reflect  .   (no helmet)
rElec   .          Harm     .   (no cloak)
rCorr   .          Rampage  .   (no gloves)
Will    .....                   (no boots)
Stlth   +.........              (no amulet)
HPRegen 0.11/turn               (no ring)
MPRegen 0.12/turn               (no ring)

@: weak-willed, glowing
A: sense surroundings 1, otherworldly, glowing, explore regen
a: no special abilities


You were on level 4 of the Dungeon.
You visited 1 branch of the dungeon, and saw 4 of its levels.

You collected 56 gold pieces.

Inventory:

Armour
 a - a +0 robe (worn)
Potions
 b - a potion of magic
 c - 2 potions of ambrosia {unknown}


   Skills:
 + Level 2.6 Dodging
 - Level 1.4 Stealth
 + Level 3.4 Spellcasting
 + Level 1.8 Conjurations
 + Level 4.7 Fire Magic


You had 6 spell levels left.
You knew the following spells:

 Your Spells              Type           Power      Damage    Failure   Level
a - Foxfire               Conj/Fire      60%        2x1d7     4%          1
b - Scorch                Fire           40%        2d7       3%          2

Your spell library contained the following spells:

 Spells                   Type           Power      Damage    Failure   Level
 Conjure Flame            Conj/Fire      15%        6-21      12%         3
 Inner Flame              Hex/Fire       11%        N/A       19%         3
 Blink                    Tloc           6%         N/A       24%         2
 Flame Wave               Conj/Fire      15%        2d7       36%         4
 Petrify                  Tmut/Erth      3%         N/A       83%         4
 Lee's Rapid Deconstruct  Erth           1%         3d5*      99%         5
 Manifold Assault         Tloc           3%         N/A       99%         5


Dungeon Overview and Level Annotations

Branches:
Dungeon (4/15) Zot: 1948
 Temple: D:4-7

Altars:

Shops:
D:2 =


Innate Abilities, Weirdness & Mutations

You passively map a small area around you.
You are easily found by Zot.
You glow in the dark.
You regain HP and MP as you explore.


Message History

Magic quickly surges around you.
It was a scroll of vulnerability.
The gnoll barely misses you. The gnoll bouda barely misses you.
The gnoll bouda calls upon its god to heal something.
You open the door.
Found a scroll labelled WIUNUPTEUMUBB.
There is an open door here.
The gnoll is no longer moving quickly.
The gnoll hits you but does no damage.
The gnoll bouda attacks as you move away!
The gnoll bouda barely misses you.
The gnoll is no longer moving quickly. x2
You see here a scroll labelled WIUNUPTEUMUBB.
As you read the scroll labelled WIUNUPTEUMUBB, it crumbles to dust.
It is a scroll of enchant weapon.
You aren't carrying any weapons that can be enchanted.
The gnoll hits you from afar with a +0 spear.
The gnoll bouda closely misses you.
The gnoll bouda gazes fiercely through you!
You feel your attacks grow feeble.
The gnoll bouda attacks as you move away!
The gnoll bouda hits you with a +0 whip!
Found 2 bubbling emerald potions.
Casting: Foxfire (safe; 4% risk of failure)
Confirm with . or Enter, or press ? or * to list all spells.
You conjure some foxfire!
The gnoll bouda barks out a call to the hunt!
The gnolls pick up the pace!
The foxfire hits the gnoll bouda.
The gnoll bouda is heavily wounded.
The foxfire hits the gnoll bouda.
The gnoll bouda is severely wounded.
You open the door. The gnoll closely misses you.
The gnoll bouda hits you with a +0 whip!
* * * LOW HITPOINT WARNING * * *
Found a long sword.
Your attacks no longer feel as feeble.
The gnoll hits you from afar with a +0 spear.
* * * LOW HITPOINT WARNING * * *
The gnoll bouda calls upon its god to heal the gnoll.
The gnoll's wounds heal themselves!
The gnoll hits you with a +0 flail.
You die...

* * #..# , #####..##..##, .#
,* ,, ............ .. ...).
...,,..,, ...# #.# *.# * *
*###'###'###.####
,,#...............,, , ,
#....gg......... ,
#..@g.g.g.####.,, ##,
#..###'##...###### #....!..#
...#...'....#
#.......#....#..g#....+
###*#..###†#....#...# ...#
##(.##..###.#....#.#'## '###.
#...........#....#....# ...
#...........######....# ....
#.....................#,....>


You could see a gnoll bouda (weak-willed), 3 gnolls and a hobgoblin
(weak-willed).

Vanquished Creatures
  A gnoll (D:4)
  2 adders
  An ufetubus (D:3)
  4 orcs
  A bat (D:3)
  2 hobgoblins
  2 kobolds (D:1)
  A ball python (D:2)
  A spectral hobgoblin (D:1)
15 creatures vanquished.

Vanquished Creatures (others)
  47 foxfires
47 creatures vanquished.

Grand Total: 62 creatures vanquished

Notes
Turn   | Place    | Note
-------+----------+-------------------------------------------
     0 | D:1      | hawla the Meteoran Fire Elementalist began the quest for
                  | the Orb.
     0 | D:1      | Reached XP level 1. HP: 14/14 MP: 5/5
   202 | D:1      | Reached skill level 4 in Fire Magic
   202 | D:1      | Reached XP level 2. HP: 10/20 MP: 1/6
   234 | D:2      | Found Hohor's Jewellery Shoppe.
   252 | D:3      | Got the Tome of Displaced Stones
   256 | D:3      | Learned a level 2 spell: Scorch
   262 | D:3      | Reached XP level 3. HP: 26/26 MP: 1/8
   415 | D:4      | Reached XP level 4. HP: 33/33 MP: 1/10
   449 | D:4      | Slain by a gnoll

Illustrated notes

Levels and vault maps discovered:
D:1:      zelgadis_glass_arrival_small, layout_basic,
          dreamdust_ecumenical_altar_drowned_temple, kennysheep_nondescript,
          minmay_splitting_lines
D:2:      layout_rooms, serial_shops, shop
D:3:      layout_loops_ring, serial_shops, shop, grunt_ministairs_6,
          uniq_sigmund
D:4:      kennysheep_kobold_camp, layout_gridville,
          grunt_temple_overflow_forces_of_nature, nicolae_uskayaw_en_pointe,
          lightli_sewer_entry_pipes, nrook_mini_vaults,
          kennysheep_generic_room_11, uniq_ijyb

Skill      XL: |  1  2 |
---------------+-------+-----
Fire Magic     | 4 |  4.7
Spellcasting   | 3 |  3.4
Dodging        | |  2.6
Stealth        | |  1.4
Conjurations   | |  1.8

Action                   |  1- 3 |  4- 6 || total
-------------------------+-------+-------++-------
Melee: Unarmed           |     7 |       ||     7
 Cast: Foxfire           |    20 |     8 ||    28
       Scorch            |     5 |       ||     5
  Use: Scroll            |     1 |     2 ||     3
Armor: Robe              |     2 |     1 ||     3
Dodge: Dodged            |     8 |     8 ||    16
